details: 'No barracks no guard towers beats a rush'

« prev index next »

General information

Mini Map

Players

team 1
Human7.30 (yellow | 88 APM | 598 actions | 06:46)
Hero icon 2 Archmage
Ability icon 1 Blizzard
Ability icon 1 Brilliance Aura
Hero icon 1 Blood Mage
Ability icon 1 Flame Strike

» actions
Assign group hotkey18
Basic commands29
Build / train28
ESC pressed1
Enter build submenu16
Enter hero's abilities submenu3
Right click291
Select / deselect108
Select group hotkey63
Use ability41
598 total
» units
Peasant14
14 total
» buildings
Altar of Kings1
Farm5
Arcane Vault1
Scout Tower4
Arcane Tower2
Keep1
Lumber Mill1
Arcane Sanctum2
17 total
» build order
00:06 Altar of Kings
00:26 Farm
00:27 Farm
00:58 Arcane Vault
01:04 Scout Tower
01:36 Farm
02:05 Arcane Tower
02:42 Farm
03:08 Keep
03:35 Lumber Mill
03:47 Scout Tower
04:46 Arcane Tower
05:27 Scout Tower
05:53 Arcane Sanctum
06:13 Arcane Sanctum
06:16 Farm
06:19 Scout Tower
» items
Scroll of Regeneration2
Lesser Clarity Potion1
Mechanical Critter1
Potion of Healing1
5 total
team 2
Humanmikusmaximus (blue | 33 APM | 225 actions | 06:45)
Hero icon 1 Paladin
Ability icon 1 Holy Light

» actions
Build / train29
Enter build submenu13
Enter hero's abilities submenu1
Right click103
Select / deselect66
Use ability13
225 total
» units
Peasant12
Footman14
26 total
» buildings
Farm5
Altar of Kings1
Barracks1
Scout Tower2
Lumber Mill1
Blacksmith1
Keep1
12 total
» build order
00:30 Farm
00:49 Altar of Kings
01:01 Barracks
01:24 Farm
02:21 Farm
02:40 Scout Tower
03:18 Scout Tower
03:26 Farm
03:55 Lumber Mill
04:10 Blacksmith
06:13 Keep
06:17 Farm